 Dungeon Crawl Stone Soup version 0.31-a0-40-g1d5085d191 (webtiles) character file.

Game seed: 6250661407002868121

45 bande the Covered (level 3, 0/24 HPs)
             Began as a Gargoyle Fighter on May 17, 2023.
             Killed from afar by Sigmund (1 damage)
             ... with a puff of flame
             ... on level 2 of the Dungeon.
             The game lasted 00:01:20 (1370 turns).

bande the Covered (Gargoyle Fighter)                Turns: 1370, Time: 00:01:20

Health: 0/24       AC: 10    Str: 19    XL:     3   Next: 64%
Magic:  3/3        EV:  9    Int:  8    God:
Gold:   95         SH:  0    Dex: 11    Spells: 2/2 levels left

rFire   . . .        a - +0 war axe
rCold   . . .        c - +0 buckler
rNeg    + . .        b - +0 scale mail
rPois   ∞            (no helmet)
rElec   +            (no cloak)
rCorr   .            (no gloves)
SInv    .            (no boots)
Will    .....        (no amulet) Stlth
                     (no ring)
HPRegen 0.24/turn    (no ring)
MPRegen 0.08/turn

%: no passive effects
@: confused, mighty
A: sickness immunity, AC +3, negative energy resistance 1, electricity
resistance, torment resistance 1, petrification resistance
a: no special abilities


You were on level 2 of the Dungeon.
You visited 1 branch of the dungeon, and saw 2 of its levels.

You collected 95 gold pieces.

Inventory:

Hand Weapons
 a - a +0 war axe (weapon)
Missiles
 f - 6 silver boomerangs (quivered)
 g - 2 throwing nets
Armour
 b - a +0 scale mail (worn)
 c - a +0 buckler (worn)
Jewellery
 h - a ring of ice
Scrolls
 e - a scroll of identify {unknown}
 i - a scroll of amnesia {unknown}
Potions
 d - a potion of might


   Skills:
 + Level 3.8 Fighting
 + Level 2.2 Axes
 + Level 3.9 Armour
 + Level 3.6 Shields


You had 2 spell levels left.
You didn't know any spells.
Your spell library was empty.

Dungeon Overview and Level Annotations

Branches:
Dungeon (2/15)

Altars:

Annotations:
D:2 Sigmund


Innate Abilities, Weirdness & Mutations

You are immune to sickness and miasma.
Your stone body is resilient. (AC +3)
You are immune to poison.
You resist negative energy. (rN+)
You are resistant to electric shocks. (rElec)
You are resistant to unholy torment.
You are immune to petrification.


Message History

Your experience leads to an increase in your attributes!
Increase (S)trength, (I)ntelligence, or (D)exterity?
You feel agile. x2
You start waiting.
You feel yourself speed up.
You start waiting.
Done waiting.
Things that are here:
a +3 dagger; a +0 robe; the human corpse of Jessica
There is a stone staircase leading down here.
You climb downwards.
Level annotation: Sigmund
There is a stone staircase leading up here.
You feel very mighty all of a sudden. Sigmund barely misses you.
You hit Sigmund.
Sigmund is lightly wounded.
You closely miss Sigmund.
Sigmund is lightly wounded.
Sigmund gestures at you while chanting. The puff of flame misses you.
Sigmund gestures at you while chanting. The magic dart hits you!
You hit Sigmund.
Sigmund is moderately wounded.
Sigmund points at you and mumbles some strange words.
You are confused.
Sigmund points at you and mumbles some strange words.
The puff of flame hits you!
Ouch! That really hurt!
* * * LOW HITPOINT WARNING * * *
You bump into the rock wall.
Sigmund hits you with a +1 scythe of venom.
* * * LOW HITPOINT WARNING * * *
Sigmund seems less brilliant.
Sigmund casts a spell at you. You resist with significant effort.
Sigmund points at you and mumbles some strange words.
The puff of flame hits you.
You die...

#.......# #.....#
#####.### ##...##
#.# ##<##
#######.## #.#
#........# #.#
.######..# #+#
#.######<.## ...
#..........# ....
.##..#..@.# ..@..
#.......@..##......
............'.....@
#.##.#...#.##......
#.#...#.# .....
........# ....
####.##### ... #.
+# #


You could see Sigmund.

Vanquished Creatures
  Jessica (D:1)
  A ball python (D:1)
  6 bats (D:1)
  An endoplasm (D:1)
  2 giant cockroaches (D:1)
  3 goblins (D:1)
  A hobgoblin (D:1)
  A frilled lizard (D:1)
  2 kobolds (D:1)
  A rat (D:1)
19 creatures vanquished.

Notes
Turn   | Place    | Note
-------+----------+-------------------------------------------
     0 | D:1      | bande the Gargoyle Fighter began the quest for the Orb.
     0 | D:1      | Reached XP level 1. HP: 14/14 MP: 1/1
   234 | D:1      | Reached XP level 2. HP: 19/19 MP: 2/2
   911 | D:2      | Noticed Sigmund
   911 | D:2      | Noticed Jessica
  1245 | D:1      | Killed Jessica
  1246 | D:1      | Reached XP level 3. HP: 24/24 MP: 3/3
  1368 | D:2      | HP: 1/24 [Sigmund/+1 scythe of venom (5)]
  1370 | D:2      | Killed from afar by Sigmund

Illustrated notes

Levels and vault maps discovered:
D:1:      reono_arrival_forest_river, layout_basic, chequers_decorated_corner
D:2:      kennysheep_six_static_rooms, layout_loops_corners,
          hellmonk_ecumenical_altar_prayer_group, uniq_sigmund, uniq_terence,
          uniq_jessica

Skill      XL: |  1  2 |
---------------+-------+-----
Axes           | 2 |  2.2
Fighting       | |  3.8
Armour         | |  3.9
Shields        | |  3.6

Action                     || total
---------------------------++-------
  Melee: War axe           ||    52
    Use: Potion            ||     1
 Armour: Scale mail        ||    35
  Dodge: Dodged            ||    31
  Block: Buckler           ||    12

Table legend: (Time is in decaauts)
 A = Elapsed time spent in this place.
 B = Non-inter-level travel time spent in this place.
 C = Inter-level travel time spent in this place.
 D = Time resting spent in this place.
 E = Time spent auto-exploring this place.
 F = Levels seen in this place.
 G = Mean time per level.
                   A        B        C        D        E       F      G
               +--------+--------+--------+--------+--------+-----+--------+
         Total |   1405 |   1365 |     40 |    412 |    770 |   2 |  702.5 |
       Dungeon |   1405 |   1365 |     40 |    412 |    770 |   2 |  702.5 |
               +--------+--------+--------+--------+--------+-----+--------+

Top non-repeatable levels by time:
     D:1: 1341 daAuts
     D:2: 63 daAuts
